 Dungeon Crawl Stone Soup version 0.29-a0-1065-g47a6bb87d6 (webtiles) character file.

Game seed: 12954080103983073111

77 ytrimaz the Insei (level 4, -4/33 HPs)
             Began as a Demonspawn Transmuter on Aug 19, 2022.
             Slain by a water moccasin (5 damage)
             ... on level 3 of the Dungeon.
             The game lasted 00:01:50 (2743 turns).

ytrimaz the Insei (Demonspawn Transmuter)           Turns: 2743, Time: 00:01:51

Health: -4/33      AC:  2    Str: 11    XL:     4   Next: 14%
Magic:  7/7        EV: 12    Int: 16    God:
Gold:   111        SH:  0    Dex: 13    Spells: 1/7 levels left

rFire   . . .      SeeInvis +     - Unarmed
rCold   . . .      Faith    .   (no shield)
rNeg    . . .      Spirit   .   a - +0 robe
rPois   .          Reflect  .   (helmet currently unavailable)
rElec   .          Harm     .   (no cloak)
rCorr   .          Rampage  .   (no gloves)
Will    .....                   (boots currently unavailable)
Stlth   +.........              (no amulet)
HPRegen 0.11/turn               c - ring of see invisible
MPRegen 0.10/turn               (no ring)

@: confused, lethally poisoned (-4 -> -24), appendages, ambrosia-drunk
A: horns 2, talons 2, foul stench 1, spiny 1, sturdy frame 1
a: End Transformation


You were on level 3 of the Dungeon.
You had temporarily grown beastly horns and talons.
You visited 1 branch of the dungeon, and saw 3 of its levels.

You collected 111 gold pieces.

Inventory:

Armour
 a - a +0 robe (worn)
Jewellery
 c - a ring of see invisible (left hand)
Scrolls
 b - a scroll of magic mapping
 f - a scroll of summoning
 g - a scroll of amnesia
Potions
 d - a potion of heal wounds {unknown}
 e - a potion of ambrosia


   Skills:
 * Level 2.2 Fighting
 - Level 1.7 Dodging
 + Level 4.1 Unarmed Combat
 - Level 2.0 Spellcasting
 - Level 1.7 Transmutations


You had one spell level left.
You knew the following spells:

 Your Spells              Type           Power      Damage    Failure   Level
a - Beastly Appendage     Tmut           14%        N/A       10%         1
b - Wereblood             Tmut           7%         N/A       16%         2
c - Spider Form           Tmut/Pois      4%         N/A       41%         3

Your spell library contained the following spells:

 Spells                   Type           Power      Damage    Failure   Level
 Magic Dart               Conj           4%         1d3       21%         1
 Searing Ray              Conj           2%         2d4       30%         2
 Ice Form                 Ice/Tmut       4%         N/A       82%         4
 Fulminant Prism          Conj/Hex       0%         3d6       90%         4


Dungeon Overview and Level Annotations

Branches:
Dungeon (3/15)

Altars:


Innate Abilities, Weirdness & Mutations

You have temporarily grown beastly horns and talons.
You may rarely emit foul miasma when damaged in melee.
You are partially covered in sharp spines.
Your movements are slightly less encumbered by armour. (ER -2)


Message History

You are very lightly contaminated with residual magic.
Nothing appears to happen.
The water moccasin hisses angrily.
The water moccasin bites you.
You are poisoned.
The water moccasin poisons you!
You grow a pair of large bovine horns.
Your feet morph into talons.
You feel very sick. The water moccasin bites you.
You are lethally poisoned!
The water moccasin poisons you! The water moccasin bites you.
You hit the water moccasin but do no damage.
You claw the water moccasin, but do no damage.
You headbutt the water moccasin!
The water moccasin is moderately wounded.
You feel very sick.
The water moccasin is struck by your spines.
The water moccasin barely misses you.
You hit the water moccasin but do no damage.
Your kick misses the water moccasin.
The water moccasin is moderately wounded.
You feel very sick. The water moccasin bites you.
You are more poisoned.
The water moccasin poisons you!
You closely miss the water moccasin.
The water moccasin is moderately wounded.
* * * LOW HITPOINT WARNING * * *
You feel very sick. The water moccasin bites you.
* * * LOW HITPOINT WARNING * * *
The water moccasin misses you.
Your magical contamination has completely faded away.
It was a potion of ambrosia.
You are confused.
You feel invigorated.
* * * LOW HITPOINT WARNING * * *
You feel very sick. The water moccasin bites you.
You die...

## #. ..... #####. #. .....
...#. #.##### ..$.# #...
#.....##.... #...
#.....#... #.## #.....#.#
#.[. #......####..#. #...
####......@S!.....# #...
#....############.######...
#....# #..........
#....####### #..........
#....##....# #..........
#...^##....# #.......###
#....##....######.......###
####...........)....)......
####............).).....


You could see a water moccasin.

Vanquished Creatures
  An orc wizard (D:3)
  An adder (D:2)
  A worm (D:3)
  A dart slug (D:2)
  4 orcs (D:3)
  4 bats
  3 endoplasms (D:1)
  A giant cockroach (D:1)
  5 goblins
  2 hobgoblins (D:2)
  A quokka (D:2)
  3 ball pythons
  5 kobolds
  2 rats
34 creatures vanquished.

Vanquished Creatures (others)
  26 plants (D:2)
26 creatures vanquished.

Grand Total: 60 creatures vanquished

Notes
Turn   | Place    | Note
-------+----------+-------------------------------------------
     0 | D:1      | ytrimaz the Demonspawn Transmuter began the quest for the
                  | Orb.
     0 | D:1      | Reached XP level 1. HP: 15/15 MP: 3/3
   398 | D:1      | Reached skill level 3 in Unarmed Combat
   584 | D:1      | Gained mutation: Your movements are slightly less
                  | encumbered by armour. (ER -2) [demonic ancestry]
   584 | D:1      | Reached XP level 2. HP: 11/21 MP: 3/5
  1403 | D:2      | Gained mutation: You are partially covered in sharp spines.
                  | [demonic ancestry]
  1403 | D:2      | Reached XP level 3. HP: 27/27 MP: 4/6
  1798 | D:2      | Learned a level 2 spell: Wereblood
  1803 | D:2      | Learned a level 3 spell: Spider Form
  2432 | D:3      | Reached skill level 4 in Unarmed Combat
  2432 | D:3      | Gained mutation: You may rarely emit foul miasma when
                  | damaged in melee. [demonic ancestry]
  2432 | D:3      | Reached XP level 4. HP: 17/33 MP: 7/7
  2734 | D:3      | Noticed a water moccasin
  2742 | D:3      | HP: 1/33 [water moccasin (5)]
  2743 | D:3      | Slain by a water moccasin

Illustrated notes

Levels and vault maps discovered:
D:1:      lightli_arrival_windingriver, layout_basic
D:2:      layout_basic, serial_bayou, serial_bayou_crossing,
          serial_bayou_lagoon_a, serial_bayou_lagoon_b, serial_bayou_pond_e
D:3:      layout_rooms, shapermc_ecumenical_altar_ellora

Skill      XL: |  1  2  3 |
---------------+----------+-----
Unarmed Combat | 3 4 |  4.1
Fighting       | 2 |  2.2
Dodging        | |  1.7
Spellcasting   | |  2.0
Transmutations | |  1.7

Action                   |  1- 3 |  4- 6 || total
-------------------------+-------+-------++-------
Melee: Unarmed           |    56 |     8 ||    64
       Kick              |    16 |     1 ||    17
       Headbutt          |    10 |     1 ||    11
       Punch             |     1 |       ||     1
 Cast: Beastly Appendage |    21 |     1 ||    22
  Use: Scroll            |     8 |       ||     8
       Potion            |     2 |     1 ||     3
 Stab: Sleeping          |     2 |       ||     2
Armor: Robe              |    12 |       ||    12
       Skin              |     6 |     8 ||    14
Dodge: Dodged            |    30 |     3 ||    33

Table legend: (Time is in decaauts)
 A = Elapsed time spent in this place.
 B = Non-inter-level travel time spent in this place.
 C = Inter-level travel time spent in this place.
 D = Time resting spent in this place.
 E = Time spent auto-exploring this place.
 F = Levels seen in this place.
 G = Mean time per level.
                   A        B        C        D        E       F      G
               +--------+--------+--------+--------+--------+-----+--------+
         Total |   2776 |   2708 |     68 |     14 |   2418 |   3 |  925.3 |
       Dungeon |   2776 |   2708 |     68 |     14 |   2418 |   3 |  925.3 |
               +--------+--------+--------+--------+--------+-----+--------+

Top non-repeatable levels by time:
     D:2: 1260 daAuts
     D:1: 1019 daAuts
     D:3: 495 daAuts
